 Dungeon Crawl Stone Soup version 0.29-a0-414-g5075937ec3 (webtiles) character file.

Game seed: 11664699179555167848

3 trckry the Cutter (level 1, -2/16 HPs)
             Began as a Demonspawn Wanderer on May 15, 2022.
             Slain by a kobold
             ... wielding a +2 dagger of venom
              (4 damage)
             ... on level 1 of the Dungeon.
             The game lasted 00:00:30 (133 turns).

trckry the Cutter (Demonspawn Wanderer)              Turns: 133, Time: 00:00:31

Health: -2/16      AC:  3    Str: 10    XL:     1   Next: 41%
Magic:  1/1        EV: 10    Int:  9    God:
Gold:   16         SH:  0    Dex: 18    Spells: 0/0 levels left

rFire   . . .      SeeInvis .   a - +3 short sword
rCold   . . .      Faith    .   (no shield)
rNeg    . . .      Spirit   .   d - +0 leather armour
rPois   .          Reflect  .   (no helmet)
rElec   .          Harm     .   (no cloak)
rCorr   .          Rampage  .   (no gloves)
Will    .....                   (no boots)
Stlth   +.........              (no amulet)
HPRegen 0.05/turn               (no ring)
MPRegen 0.07/turn               (no ring)

@: lethally poisoned (-2 -> -7)
A: no striking features
a: no special abilities


You were on level 1 of the Dungeon.
You visited 1 branch of the dungeon, and saw 1 of its levels.

You collected 16 gold pieces.

Inventory:

Hand Weapons
 a - a +3 short sword (weapon)
Armour
 d - a +0 leather armour (worn)
Scrolls
 b - a scroll of teleportation
 c - a scroll of blinking


   Skills:
 + Level 2.1 Fighting
 - Level 4.5 Short Blades
 - Level 1.2 Invocations
 + Level 2.1 Evocations


You couldn't memorise any spells.
You didn't know any spells.
Your spell library was empty.

Dungeon Overview and Level Annotations

Branches:
Dungeon (1/15)

Altars:


Message History

The ball python bites you but does no damage.
The ball python barely misses you.
You hit the ball python.
You kill the ball python!
You hit the quokka.
You kill the quokka!
No target in view!
Found 9 gold pieces.
You now have 16 gold pieces (gained 9). 2 kobolds come into view.
A kobold is wielding a +2 dagger of venom.
There are monsters nearby!
The kobold shouts! x2
You closely miss the kobold. The kobold barely misses you.
The kobold closely misses you.
You closely miss the kobold. The kobold misses you.
The kobold hits you with a +2 dagger of venom.
You are poisoned.
You take 3 damage, and have 13/16 hp.
The kobold attacks as you move away!
The kobold hits you with a +2 dagger of venom.
The kobold attacks as you move away! The kobold hits you with a +0 dagger.
You feel very sick.
You take 7 damage, and have 6/16 hp.
MASSIVE DAMAGE!!
The kobold attacks as you move away! The kobold hits you but does no damage.
* * * LOW HITPOINT WARNING * * *
You feel sick.
You take 2 damage, and have 4/16 hp.
You aren't carrying any potions.
You hit the kobold.
The kobold is moderately wounded.
* * * LOW HITPOINT WARNING * * *
You feel sick. The kobold closely misses you.
You take 1 damage, and have 3/16 hp.
You closely miss the kobold.
The kobold is moderately wounded.
* * * LOW HITPOINT WARNING * * *
You feel sick.
The kobold hits you with a +2 dagger of venom.
You die...

## # #. .# #.
##.# #
###.###.....
#.......#.#
#.#..K....#
#.##.K..### #.
#@##.# #.##.# .#
#....##.#
#.......#
##.###### #.####
#.##.##
#.######.#...###
................
♣


You could see 2 kobolds.

Vanquished Creatures
  A bat (D:1)
  A quokka (D:1)
  A ball python (D:1)
3 creatures vanquished.

Notes
Turn   | Place    | Note
-------+----------+-------------------------------------------
     0 | D:1      | trckry the Demonspawn Wanderer began the quest for the Orb.
     0 | D:1      | trckry set off with the following items: a +3 short sword,
                  | a scroll of teleportation, a scroll of blinking, a +0
                  | leather armour
     0 | D:1      | Reached XP level 1. HP: 16/16 MP: 1/1
   133 | D:1      | HP: 2/16 [poisoned by a kobold]
   133 | D:1      | Slain by a kobold

Illustrated notes

Levels and vault maps discovered:
D:1:      sevenhm_arrival_forest_fort_large_4, layout_loops_corners,
          serial_shops, shop

Action                   || total
-------------------------++-------
Melee: Short sword       ||     8
 Stab: Sleeping          ||     1
Armor: Leather armour    ||     2
Dodge: Dodged            ||     5

Table legend: (Time is in decaauts)
 A = Elapsed time spent in this place.
 B = Non-inter-level travel time spent in this place.
 C = Inter-level travel time spent in this place.
 D = Time resting spent in this place.
 E = Time spent auto-exploring this place.
 F = Levels seen in this place.
 G = Mean time per level.
                   A        B        C        D        E       F      G
               +--------+--------+--------+--------+--------+-----+--------+
         Total |    132 |    132 |      0 |      0 |    111 |   1 |  132.0 |
       Dungeon |    132 |    132 |      0 |      0 |    111 |   1 |  132.0 |
               +--------+--------+--------+--------+--------+-----+--------+

Top non-repeatable levels by time:
     D:1: 132 daAuts
